 Dungeon Crawl Stone Soup version 0.20.1-1-g8b1a95d (webtiles) character file.

86387 theanonym the Warrior (level 15, -10/150 HPs)
             Began as a Centaur Hunter on Oct 11, 2017.
             Was an Elder of Okawaru.
             Mangled by a tyrant leech (13 damage)
             ... on level 2 of the Swamp on Oct 14, 2017.
             The game lasted 02:11:50 (32128 turns).

theanonym the Warrior (Centaur Hunter)             Turns: 32128, Time: 02:11:51

Health: -10/150    AC: 19    Str: 18    XL:     15   Next: 40%
Magic:  19/24      EV: 10    Int: 10    God:    Okawaru [****..]
Gold:   492        SH:  0    Dex: 10    Spells: 22/26 levels left

rFire    . . .     SeeInvis .   a - +2 shortbow (velocity)
rCold    . . .     Gourm    .   (shield currently unavailable)
rNeg     + . .     Faith    .   D - +0 scale mail of Vubrotul {+Inv rPois rN+ Str-3}
rPois    +         Spirit   .   X - +1 helmet
rElec    .         Reflect  .   M - +2 cloak
rCorr    .         Harm     .   (no gloves)
MR       +....                  W - +1 centaur barding {Stlth+}
Stlth    +.........             Y - amulet of regeneration {+regen, !d}
Regen    0.8/turn               I - +4 ring of evasion
MPRegen  0.2/turn               r - ring of flight {+Fly, !d}

@: lethally poisoned (-10 -> -14), very slightly contaminated, very quick
A: hooves 3, deformed body, speed 2, tough skin 3
a: Heroism, Renounce Religion, Evoke Invisibility, Evoke Flight


You were on level 2 of the Swamp.
You worshipped Okawaru.
Okawaru was greatly pleased with you.
You were not hungry.

You visited 5 branches of the dungeon, and saw 23 of its levels.
You also visited: Labyrinth and Ossuary.

You collected 2125 gold pieces.
You spent 1633 gold pieces at shops.

Inventory:

Hand Weapons
 a - a +2 shortbow of velocity (weapon)
   (You bought it in a shop on level 11 of the Dungeon)
 b - a +0 executioner's axe of freezing
   (You found it on level 6 of the Lair of Beasts)
Missiles
 d - 88 arrows (quivered)
Armour
 h - a +0 pair of gloves
   (You took it off Nikola on level 2 of the Swamp)
 y - the +5 ring mail "Pykut" {Str+3}
   (You found it on level 6 of the Lair of Beasts)

   It affects your strength (+3).
 D - the +0 scale mail of Vubrotul (worn) {+Inv rPois rN+ Str-3}
   (You found it on level 5 of the Dungeon)

   It affects your strength (-3).
   It protects you from poison.
   It protects you from negative energy.
   It lets you turn invisible.
 M - a +2 cloak (worn)
   (You found it on level 8 of the Dungeon)
 W - a +1 centaur barding of stealth (worn)
   (You found it on level 10 of the Dungeon)
 X - a +1 helmet (worn)
   (You bought it in a shop on level 2 of the Orcish Mines)
Jewellery
 i - an uncursed ring of see invisible {sInv, !d}
   (You found it on level 6 of the Lair of Beasts)
 r - a ring of flight (right hand) {+Fly, !d}
   (You found it on level 4 of the Dungeon)
 I - a +4 ring of evasion (left hand)
   (You found it on level 11 of the Dungeon)
 U - an uncursed ring of protection from magic {MR+, !d}
   (You found it on level 2 of the Swamp)
 Y - an amulet of regeneration (around neck) {+regen, !d}
   (You found it on level 5 of the Lair of Beasts)
Wands
 A - a wand of clouds (9/9)
   (You found it on level 6 of the Lair of Beasts)
 H - a wand of digging (24/24)
   (You found it in a labyrinth)
 P - a wand of enslavement (10/24)
   (You found it on level 9 of the Dungeon)
 Z - a wand of disintegration (8/24)
   (You found it on level 2 of the Swamp)
Scrolls
 c - a scroll of vulnerability {unknown}
 e - 8 scrolls of teleportation
 n - a scroll of identify
 u - 11 scrolls of remove curse
 B - 2 scrolls of fear
 G - a scroll of fog
 J - 6 scrolls of acquirement {unknown}
 L - 2 scrolls of enchant weapon
 R - 5 scrolls of enchant armour
 V - a scroll of silence
Potions
 j - 6 potions of lignification {unknown}
 k - a potion of berserk rage {unknown}
 l - 8 potions of curing
 m - 11 potions of heal wounds
 o - 4 potions of haste
 q - 3 potions of ambrosia {unknown}
 t - a potion of cancellation
 v - 2 potions of invisibility
 x - 2 potions of might {unknown}
 z - 8 potions of flight {unknown}
 N - 2 potions of resistance {unknown}
 Q - 5 potions of agility {unknown}
Books
 s - a book of Enchantments
   (You found it on level 3 of the Lair of Beasts)
 F - a book of Air
   (You bought it in a shop on level 6 of the Dungeon)
 K - a book of Minor Magic
   (You bought it in a shop on level 6 of the Dungeon)
 O - a book of the Earth
   (You found it on level 10 of the Dungeon)
 S - Ubudd's Almanac of Excruciating Dislocation
   (You found it on level 10 of the Dungeon)

   Spells                             Type                      Level
   a - Magic Dart                     Conjuration                  1
   b - Shroud of Golubria             Charms/Translocation         2
   c - Throw Flame                    Conjuration/Fire             2
   d - Throw Icicle                   Conjuration/Ice              4
   e - Bolt of Draining               Conjuration/Necromancy       5
   f - Bolt of Cold                   Conjuration/Ice              6
 T - a book of Maledictions
   (You found it on level 2 of the Swamp)
Miscellaneous
 p - a phial of floods
   (You found it in a labyrinth)
Comestibles
 f - 11 bread rations {@e1}
 g - 5 royal jellies
 w - 5 meat rations {@e2}
 E - 23 fruits


   Skills:
 + Level 18.7 Fighting
 + Level 16.6 Bows
 - Level 6.8 Armour
 - Level 1.3 Dodging
 - Level 0.4 Stealth
 - Level 6.0 Spellcasting
 - Level 9.8 Invocations


You had 22 spell levels left.
You knew the following spells:

 Your Spells              Type           Power        Failure   Level  Hunger
b - Blink                 Tloc           N/A          65%         2    ##.....
s - Swiftness             Chrm/Air       #.......     65%         2    ##.....


Dungeon Overview and Level Annotations

Branches:
Dungeon (12/15)            Temple (1/1) D:4            Lair (6/6) D:9
  Swamp (2/4) Lair:3        Snake (0/4) Lair:4          Orc (2/2) D:12
    Elf (0/3) Orc:2
  Slime: Lair:5-6

Altars:
Ashenzari
Cheibriados
Dithmenos
Elyvilon
Fedhas
Gozag
Hepliaklqana
Kikubaaqudgha
Makhleb
Nemelex Xobeh
Okawaru
Qazlal
Ru
Sif Muna
Trog
Uskayaw
Vehumet
Xom
Yredelemnul
Zin
The Shining One
Beogh

Shops:
D:4 *   D:6 *:   D:7 !   D:11 (   D:12 !   Orc:2 [:*[:

Annotations:
D:8 Irenicus's ghost, novice TrCK
Lair:1 exclusion: oklob plant
Lair:5 exclusion: downstairs
Lair:6 exclusion: oklob plant
Swamp:2 Aizul


Innate Abilities, Weirdness & Mutations

You have hooves in place of feet.
Armour fits poorly on your strangely shaped body.
You cover ground very quickly.
You have extremely tough skin. (AC +3)


Message History

Moving in this stuff is going to be slow.
d - 98 arrows (gained 1) Done exploring.
You regained 18 hp, and now have 74/150 hp.
MP restored: 24 Done exploring.
Welcome back, theanonym the Centaur Hunter.
Okawaru says: Bring me glory in combat!
You start resting.
You regained 13 hp, and now have 88/150 hp.
You are too injured to fight recklessly!
Aim: a ghost crab (water, hasn't noticed you)
You shoot an arrow. The arrow hits the ghost crab.
The ghost crab breathes spectral mist at you.
The spectral mist engulfs you!
You are engulfed in spectral mist.
You take 5 damage, and have 84/150 hp.
There is a stone staircase leading down here.
You climb downwards.
Level annotation: Aizul Aizul coils herself and waves her upper body at you.
The poison arrow hits you!
You are poisoned.
You partially resist.
There is a stone staircase leading up here.
You take 8 damage, and have 77/150 hp.
You don't know that spell.
Okay, then.
Aim: Aizul You shoot an arrow.
The arrow closely misses Aizul.
You feel sick.
A swamp worm comes into view.
Aim: Aizul You shoot an arrow.
The arrow hits Aizul but does no damage.
You hear a splash.
A tyrant leech comes into view.
Aim: Aizul You shoot an arrow.
The arrow hits Aizul!
Aizul coils herself and waves her upper body at you.
The bolt of poison hits you! You resist.
The swamp worm moves out of view.
You take 8 damage, and have 69/150 hp.
Aim: Aizul (lightly wounded)
You shoot an arrow. The arrow misses Aizul.
You feel sick.
The tyrant leech moves out of view.
You miscast Swiftness.
You are very lightly contaminated with residual magic.
You hear a whooshing sound.
Aizul barely misses you.
You now have 22/24 mp.
Okay, then.
Unknown command.
Aim: Aizul (lightly wounded)
You shoot an arrow. The arrow barely misses Aizul.
Aizul hits you but does no damage.
Aim: Aizul (lightly wounded)
You shoot an arrow. The arrow hits Aizul.
You feel sick. Aizul casts a spell at you. The bolt of poison hits you!
You are more poisoned.
You resist.
You take 5 damage, and have 65/150 hp.
Unknown command.
Aim: Aizul (lightly wounded)
You shoot an arrow. The arrow hits Aizul!
You feel sick. Aizul hits you.
You take 7 damage, and have 58/150 hp.
Aim: Aizul (moderately wounded)
You shoot an arrow. The arrow closely misses Aizul.
You feel sick. Aizul hits you.
You take 4 damage, and have 54/150 hp.
Aim: Aizul (moderately wounded)
You shoot an arrow. The arrow hits Aizul!
You feel sick.
Aizul coils herself and waves her upper body at you.
The bolt of poison hits you! You resist.
You take 1 damage, and have 53/150 hp.
You feel sick. Aizul hits you.
You take 3 damage, and have 50/150 hp.
You feel sick.
Aizul coils herself and waves her upper body at you.
The bolt of poison hits you! You resist.
* * * LOW HITPOINT WARNING * * *
The swamp worm bites you.
* * * LOW HITPOINT WARNING * * *
You take 14 damage, and have 36/150 hp.
You feel sick. The swamp worm bites you.
* * * LOW HITPOINT WARNING * * *
You take 6 damage, and have 30/150 hp.
You miscast Blink.
You spin around.
You feel sick. The swamp worm bites you!
* * * LOW HITPOINT WARNING * * *
You take 15 damage, and have 15/150 hp.
You now have 21/24 mp.
You feel sick. The swamp worm bites you!
* * * LOW HITPOINT WARNING * * *
You take 12 damage, and have 3/150 hp.
You miscast Blink.
Nothing appears to happen.
* * * LOW HITPOINT WARNING * * *
You feel sick.
The swamp worm bites you but does no damage.
The tyrant leech bites you!
You die...

≈...≈≈≈.♣♣♣♣ ♣♣♣♣ ♣.≈.≈......
≈≈≈.≈≈≈.≈≈§♣♣♣≈.♣♣ ♣.).(....≈≈
≈≈≈♣.≈≈≈......≈.≈♣ ♣≈<♣((≈(((≈
.≈♣♣.≈≈≈≈≈..≈≈≈.(♣♣♣..((≈≈≈≈.≈
.♣♣♣.≈≈§≈≈≈.≈≈≈.≈(..(≈(.≈≈≈≈≈.
.♣ ♣.≈≈≈≈≈≈≈.≈≈≈....≈≈≈.≈≈≈≈..
.♣♣♣≈..≈≈≈≈≈.≈≈≈≈≈≈.≈≈(.≈≈≈≈..
..≈..≈..≈≈≈..≈≈w≈≈≈>≈≈(((≈≈.≈≈
≈≈≈≈≈≈≈...♣♣..Sw@..♣♣♣§..≈≈§≈≈
≈≈≈≈≈≈≈≈.§≈♣♣..♣.(≈(♣♣♣.≈≈≈≈≈.
≈≈≈≈≈≈≈≈..♣♣≈.<(.≈≈≈.(..≈≈≈≈≈≈
≈.≈§..≈≈≈≈......≈.≈≈≈.≈≈≈≈.
♣≈≈≈≈>..≈§≈...♣♣♣.≈≈≈.≈≈≈≈.
.≈≈≈≈≈.♣≈..≈≈.♣ ♣≈.≈♣♣♣.≈≈
≈≈♣.≈≈≈≈≈.≈≈≈≈♣ ♣♣♣♣♣ ♣≈≈
.>.†......♣♣♣♣♣ ♣♣♣♣♣♣♣♣♣. /≈
≈≈≈...≈≈≈≈≈♣ ♣♣..≈≈...♣♣♣ ≈≈≈


You could see Aizul, a tyrant leech and a swamp worm.

Vanquished Creatures
  Nikola (Swamp:2)
  An acid blob (Lair:6)
  Frances (D:12)
  A minotaur (Lab)
  Josephine (Lair:5)
  6 hydras
  Erica (D:9)
  5 alligators
  2 two-headed ogres (D:10)
  6 death yaks
  Sonja (Lair:4)
  Urug (Lair:4)
  9 orc high priests (Orc:2)
  An unseen horror (D:11)
  2 swamp dragons
  An obsidian statue (D:10)
  Pikel (D:7)
  2 orc knights
  A deep elf mage (Orc:2)
  An ugly thing (D:12)
  2 cyclopes
  A manticore (D:11)
  Maurice (D:9)
  6 elephants
  3 black mambas
  2 gargoyles (D:11)
  27 spiny frogs
  2 torpor snails (Lair:5)
  An ice statue (Lair:6)
  6 komodo dragons
  A rime drake (Lair:2)
  An ice devil (Lair:6)
  4 trolls
  6 tyrant leeches
  4 polar bears (Lair:6)
  Prince Ribbit (D:7)
  4 bog bodies
  7 dream sheep (Lair:6)
  23 slime creatures
  9 hippogriffs
  29 blink frogs
  2 shadows
  5 wraiths (Lair:5)
  2 wyverns
  4 basilisks
  17 yaks
  12 vampire mosquitoes
  3 hungry ghosts
  Grum (D:9)
  Menkaure (D:6)
  4 wargs
  A naga (Lair:4)
  9 swamp worms
  2 insubstantial wisps (Lair:3)
  12 water moccasins
  13 porcupines
  6 swamp drakes
  3 black bears
  2 slaves (D:7)
  5 ice beasts
  An eye of draining (D:11)
  4 phantoms
  3 sky beasts
  20 orc warriors
  A necrophage (D:7)
  4 centaurs
  5 wolves
  10 ogres
  8 crocodiles
  21 bullfrogs
  2 big kobolds (D:8)
  2 scorpions
  14 killer bees
  A water moccasin skeleton (D:6)
  5 wights (D:11)
  4 electric eels
  7 howler monkeys (D:7)
  2 spriggan skeletons (Lab)
  5 crimson imps
  2 bullfrog zombies
  2 centaur zombies
  A jelly (D:7)
  19 orc wizards
  Crazy Yiuf (D:5)
  5 bullfrog skeletons
  A human zombie (Ossuary)
  A centaur skeleton (Lab)
  6 hounds
  35 orc priests
  5 iguanas
  5 hell rats (Lair:3)
  8 worker ants
  A killer bee zombie (D:10)
  A big kobold zombie (Ossuary)
  3 hound zombies
  An ogre skeleton (Lab)
  2 hound skeletons
  5 mummies
  A worker ant zombie (D:11)
  3 gnolls (D:3)
  7 adders
  A shadow imp (D:5)
  A white imp (Lair:6)
  An ooze (D:4)
  An adder zombie (D:8)
  2 adder skeletons
  5 worms
  3 dart slugs
  8 leopard geckos
  77 orcs
  7 giant cockroaches
  10 goblins
  5 hobgoblins
  14 jackals
  9 kobolds
  6 quokkas
  A ball python (D:1)
  5 bats
  4 frilled lizards
  A giant cockroach zombie (D:5)
  3 gnoll zombies (Ossuary)
  A jackal skeleton (D:4)
  2 kobold zombies (Ossuary)
  A leopard gecko skeleton (D:9)
  A quokka skeleton (D:10)
  10 rats
  A fungus (Lair:5)
703 creatures vanquished.

Vanquished Creatures (others)
  2 slaves (D:7)
  A scorpion (D:7)
  A howler monkey (D:7)
  A quokka (D:7)
  13 fungi
  51 plants
69 creatures vanquished.

Grand Total: 772 creatures vanquished

Notes
Turn   | Place    | Note
-------+----------+-------------------------------------------
     0 | D:1      | theanonym the Centaur Hunter began the quest for the Orb.
     0 | D:1      | Reached XP level 1. HP: 17/17 MP: 1/1
    58 | D:1      | Reached XP level 2. HP: 18/24 MP: 2/2
    70 | D:1      | Reached skill level 6 in Bows
   571 | D:1      | Reached XP level 3. HP: 29/29 MP: 3/3
  1515 | D:2      | Reached skill level 7 in Bows
  2370 | D:3      | Noticed a hippogriff
  2399 | D:3      | Killed a hippogriff
  2399 | D:3      | Reached skill level 9 in Bows
  2399 | D:3      | Reached XP level 4. HP: 29/37 MP: 4/4
  2399 | D:3      | Reached XP level 5. HP: 35/44 MP: 5/5
  2797 | D:3      | Reached XP level 6. HP: 50/50 MP: 6/6
  2815 | D:3      | Reached skill level 3 in Fighting
  3135 | D:3      | Found a sacrificial altar of Ru.
  3342 | D:4      | Found Couxt's General Store.
  3482 | D:4      | Found a sand-covered staircase.
  3494 | D:4      | Reached skill level 10 in Bows
  3567 | Ossuary  | Entered an ossuary
  3709 | Ossuary  | Reached XP level 7. HP: 51/58 MP: 7/7
  4066 | D:4      | Reached skill level 4 in Fighting
  4098 | D:4      | Found a shadowy altar of Dithmenos.
  4183 | D:4      | Found a staircase to the Ecumenical Temple.
  4216 | Temple   | Entered the Ecumenical Temple
  4472 | Temple   | Became a worshipper of Warmaster Okawaru
  4755 | D:4      | Reached skill level 11 in Bows
  4763 | D:4      | Found a hazy altar of Hepliaklqana.
  5146 | D:5      | Entered Level 5 of the Dungeon
  5151 | D:5      | Got a polished scale mail
  5162 | D:5      | Identified the cursed +0 scale mail of Vubrotul {+Inv rPois rN+ Str-3} (You found it on level 5 of the Dungeon)
  5579 | D:5      | Found a blossoming altar of Fedhas.
  5707 | D:5      | Found a deep blue altar of Sif Muna.
  5725 | D:5      | Found a burning altar of Makhleb.
  5968 | D:5      | Found a runed door.
  5975 | D:5      | Noticed Crazy Yiuf
  5980 | D:5      | Killed Crazy Yiuf
  5980 | D:5      | Reached XP level 8. HP: 67/67 MP: 5/8
  6036 | D:6      | Found Sadeb's Book Shop.
  6080 | D:6      | Reached skill level 5 in Fighting
  6124 | D:6      | Reached * piety under Okawaru
  6222 | D:6      | Reached skill level 12 in Bows
  6241 | D:6      | Found a burning altar of Makhleb.
  6327 | D:6      | Found a basalt altar of Yredelemnul.
  6790 | D:6      | Noticed Menkaure
  6795 | D:6      | Killed Menkaure
  6804 | D:6      | Reached skill level 6 in Fighting
  6804 | D:6      | Reached skill level 13 in Bows
  6958 | D:6      | You fall through a shaft!
  6974 | D:7      | Noticed Pikel
  7005 | D:7      | Killed Pikel
  7005 | D:7      | Reached ** piety under Okawaru
  7005 | D:7      | Reached XP level 9. HP: 72/78 MP: 6/9
  7075 | D:7      | Reached skill level 7 in Fighting
  7132 | D:7      | Found a white marble altar of Elyvilon.
  7174 | D:7      | Reached skill level 14 in Bows
  7428 | D:7      | Noticed Prince Ribbit
  7449 | D:7      | Killed Prince Ribbit
  7664 | D:7      | Reached *** piety under Okawaru
  7681 | D:7      | Found Ciseozut's Distillery.
  7824 | D:7      | Bought a potion of haste for 160 gold pieces
  7969 | D:7      | Found a bloodstained altar of Trog.
  8111 | D:8      | Reached skill level 8 in Fighting
  8154 | D:8      | Found a shattered altar of Ashenzari.
  8244 | D:8      | Found a sparkling altar of Nemelex Xobeh.
  8251 | D:8      | Found a shimmering altar of Xom.
  8253 | D:8      | Found a glowing silver altar of Zin.
  8345 | D:8      | Found a blossoming altar of Fedhas.
  8375 | D:8      | Reached skill level 15 in Bows
  8543 | D:8      | Noticed Irenicus's ghost (novice TrCK)
  9171 | D:8      | Found a sparkling altar of Nemelex Xobeh.
  9335 | D:9      | Reached XP level 10. HP: 90/90 MP: 10/10
  9342 | D:9      | Noticed Erica
  9383 | D:8      | Received a gift from Okawaru
  9807 | D:9      | Killed Erica
  9807 | D:9      | Reached **** piety under Okawaru
  9807 | D:9      | Reached skill level 9 in Fighting
  9990 | D:9      | Noticed Maurice
 10007 | D:9      | Killed Maurice
 10007 | D:9      | Received a gift from Okawaru
 10045 | D:9      | Found a staircase to the Lair.
 10459 | D:9      | Noticed Grum
 10466 | D:9      | Killed Grum
 10534 | Lair:1   | Entered Level 1 of the Lair of Beasts
 10595 | Lair:1   | Reached skill level 10 in Fighting
 10595 | Lair:1   | Reached skill level 16 in Bows
 10660 | Lair:1   | Noticed an oklob plant
 10697 | Lair:1   | Received a gift from Okawaru
 11319 | Lair:1   | Received a gift from Okawaru
 11768 | Lair:2   | Reached skill level 11 in Fighting
 11768 | Lair:2   | Reached XP level 11. HP: 82/102 MP: 11/11
 11787 | Lair:2   | Reached ***** piety under Okawaru
 12123 | Lair:2   | Reached skill level 1 in Invocations
 12293 | Lair:2   | Received a gift from Okawaru
 12401 | Lair:2   | Received a gift from Okawaru
 12708 | Lair:3   | Reached skill level 2 in Invocations
 13018 | Lair:3   | Received a gift from Okawaru
 13018 | Lair:3   | Reached skill level 3 in Invocations
 13119 | Lair:3   | Reached skill level 4 in Invocations
 13522 | Lair:3   | Found a staircase to the Swamp.
 13529 | Lair:3   | Reached skill level 5 in Invocations
 13690 | Lair:3   | Noticed a six-headed hydra
 13698 | Lair:3   | Killed a six-headed hydra
 13698 | Lair:3   | Received a gift from Okawaru
 13698 | Lair:3   | Reached skill level 6 in Invocations
 13736 | Lair:3   | Noticed a seven-headed hydra
 13795 | Lair:3   | Killed a seven-headed hydra
 13795 | Lair:3   | Reached skill level 7 in Invocations
 14103 | Lair:3   | Reached skill level 8 in Invocations
 14431 | Lair:4   | Reached skill level 9 in Invocations
 14564 | Lair:4   | Noticed Sonja
 14591 | Lair:4   | Killed Sonja
 14591 | Lair:4   | Reached XP level 12. HP: 111/112 MP: 11/19
 14673 | Lair:4   | Noticed an eight-headed hydra
 14675 | Lair:4   | Received a gift from Okawaru
 14698 | Lair:4   | Killed an eight-headed hydra
 14698 | Lair:4   | Reached skill level 12 in Fighting
 14754 | Lair:4   | Noticed Urug
 15223 | Lair:4   | Received a gift from Okawaru
 15330 | Lair:4   | Found a staircase to the Snake Pit.
 15353 | Lair:4   | Killed Urug
 15558 | Lair:4   | Reached skill level 1 in Armour
 15944 | Lair:4   | Reached skill level 13 in Fighting
 15959 | Lair:4   | Received a gift from Okawaru
 16282 | Lair:5   | Noticed a death yak
 16302 | Lair:5   | Killed a death yak
 16623 | Lair:5   | Noticed Josephine
 16635 | Lair:5   | Killed Josephine
 16635 | Lair:5   | Received a gift from Okawaru
 16635 | Lair:5   | Reached skill level 2 in Armour
 17315 | Lair:5   | Reached skill level 14 in Fighting
 17616 | Lair:6   | Entered Level 6 of the Lair of Beasts
 17616 | Lair:6   | Noticed a death yak
 17616 | Lair:6   | Noticed a death yak
 17616 | Lair:6   | Noticed a death yak
 17616 | Lair:6   | Noticed a death yak
 17616 | Lair:6   | Noticed a death yak
 17657 | Lair:5   | Killed a death yak
 17657 | Lair:5   | Received a gift from Okawaru
 17657 | Lair:5   | Reached skill level 3 in Armour
 17677 | Lair:5   | Killed a death yak
 17822 | Lair:6   | Received a gift from Okawaru
 17849 | Lair:6   | Reached XP level 13. HP: 59/125 MP: 20/20
 18083 | Lair:6   | HP: 31/125 [polar bear (5)]
 18090 | Lair:6   | HP: 28/125 [vampire mosquito (5)]
 18095 | Lair:6   | HP: 27/125 [spiny frog (2)]
 18100 | Lair:6   | HP: 30/125 [vampire mosquito (4)]
 18928 | Lair:5   | HP: 31/125 [poisoned by a spiny frog]
 18933 | Lair:5   | HP: 23/125 [poisoned by a spiny frog]
 18938 | Lair:5   | HP: 20/125 [poisoned by a spiny frog]
 18944 | Lair:5   | HP: 17/125 [poisoned by a spiny frog]
 18949 | Lair:5   | HP: 15/125 [poisoned by a spiny frog]
 18954 | Lair:5   | HP: 15/125 [poisoned by a spiny frog]
 18961 | Lair:5   | HP: 15/125 [poisoned by a spiny frog]
 18969 | Lair:5   | HP: 15/125 [poisoned by a spiny frog]
 19416 | Lair:6   | Reached skill level 15 in Fighting
 19452 | Lair:6   | Noticed an acid blob
 19482 | Lair:6   | Killed an acid blob
 19482 | Lair:6   | Reached skill level 4 in Armour
 19672 | Lair:6   | Received a gift from Okawaru
 19744 | Lair:6   | Received a gift from Okawaru
 19749 | Lair:6   | Got a heavily jewelled robe {god gift}
 19766 | Lair:6   | Identified the +3 robe of the Beggar {Regen+ MP-9 Str-4 Dex+7} (Okawaru gifted it to you on level 6 of the Lair of Beasts)
 19989 | Lair:6   | Got a distressingly furry ring mail
 20000 | Lair:6   | Identified the +5 ring mail "Pykut" {Str+3} (You found it on level 6 of the Lair of Beasts)
 20904 | Lair:6   | Reached skill level 16 in Fighting
 20904 | Lair:6   | Reached skill level 5 in Armour
 21748 | Lair:6   | Received a gift from Okawaru
 21910 | Lair:6   | Received a gift from Okawaru
 22067 | Lair:6   | Reached XP level 14. HP: 136/138 MP: 18/21
 22586 | Swamp:1  | Entered Level 1 of the Swamp
 22591 | Swamp:1  | Received a gift from Okawaru
 22865 | Swamp:1  | Reached skill level 17 in Fighting
 22951 | Swamp:1  | Received a gift from Okawaru
 23314 | Swamp:1  | Received a gift from Okawaru
 23720 | D:10     | Entered Level 10 of the Dungeon
 23918 | D:10     | Reached skill level 6 in Armour
 24065 | D:10     | Identified Ubudd's Almanac of Excruciating Dislocation
 25353 | D:11     | Found Punicant's Antique Weapon Emporium.
 25630 | D:11     | Bought a glowing shortbow for 192 gold pieces
 26074 | D:12     | Reached skill level 18 in Fighting
 26105 | D:12     | Found a sacrificial altar of Ru.
 26110 | D:12     | Found a staircase to the Orcish Mines.
 26264 | D:12     | Found Qeck's Distillery.
 26977 | D:12     | Noticed Frances
 27008 | D:12     | Killed Frances
 27008 | D:12     | Received a gift from Okawaru
 27192 | Orc:1    | Entered Level 1 of the Orcish Mines
 27673 | Orc:2    | Entered Level 2 of the Orcish Mines
 27773 | Orc:2    | Found Jiczopp's Book Boutique.
 27828 | Orc:2    | Found a roughly hewn altar of Beogh.
 27877 | Orc:2    | Found a labyrinth entrance.
 27881 | Lab      | Entered a labyrinth
 28659 | Orc:2    | Found a roughly hewn altar of Beogh.
 28955 | Orc:2    | Received a gift from Okawaru
 29140 | D:6      | Bought a book of Air for 385 gold pieces
 29143 | D:6      | Learned a level 2 spell: Swiftness
 29143 | D:6      | Bought a book of Minor Magic for 220 gold pieces
 29146 | D:6      | Learned a level 2 spell: Blink
 29215 | D:6      | Found Likaot's General Store.
 29237 | D:6      | Bought a +1 centaur barding for 360 gold pieces
 29237 | D:6      | Bought a potion of heal wounds for 60 gold pieces
 29237 | D:6      | Bought a scroll of identify for 24 gold pieces
 29392 | Orc:2    | Found Uviyg's General Store.
 29392 | Orc:2    | Found Leyweolu's Armour Shop.
 29501 | Orc:2    | Reached skill level 1 in Spellcasting
 29501 | Orc:2    | Reached XP level 15. HP: 147/150 MP: 22/22
 29507 | Orc:2    | Found Huuqah's Antique Armour Emporium.
 29515 | Orc:2    | Bought a runed helmet for 232 gold pieces
 29530 | Orc:2    | Found Xalygig's Book Shop.
 29542 | Orc:2    | Received a gift from Okawaru
 29574 | Orc:2    | Reached skill level 2 in Spellcasting
 29700 | Orc:2    | Received a gift from Okawaru
 29713 | Orc:2    | Found a staircase to the Elven Halls.
 30804 | D:10     | Reached skill level 3 in Spellcasting
 31273 | Swamp:2  | Reached skill level 4 in Spellcasting
 31542 | Swamp:2  | Received a gift from Okawaru
 31674 | Swamp:2  | Noticed Nikola
 31737 | Swamp:2  | Killed Nikola
 31737 | Swamp:2  | Received a gift from Okawaru
 31737 | Swamp:2  | Reached skill level 5 in Spellcasting
 31914 | Swamp:2  | Noticed Aizul
 32025 | Swamp:2  | HP: 34/150 [Aizul/bolt of poison (8)]
 32059 | Swamp:1  | Reached skill level 6 in Spellcasting
 32124 | Swamp:2  | HP: 36/150 [swamp worm (5)]
 32126 | Swamp:2  | HP: 15/150 [swamp worm (13)]
 32127 | Swamp:2  | HP: 3/150 [swamp worm (12)]
 32128 | Swamp:2  | Mangled by a tyrant leech

Skill      XL: |  1  2  3  4  5  6  7  8  9 10 11 12 13 14 15 |
---------------+----------------------------------------------+-----
Bows           | 6 9 10 11 13 15 16 | 16.6
Fighting       | 3 4 6 8 11 14 16 18 | 18.7
Invocations    | 9 |  9.8
Armour         | 3 5 6 |  6.8
Spellcasting   | 1 6 |  6.0
Dodging        | |  1.3
Stealth        | |  0.4

Action                   |  1- 3 |  4- 6 |  7- 9 | 10-12 | 13-15 || total
-------------------------+-------+-------+-------+-------+-------++-------
Melee: Short sword       |    57 |    34 |    56 |       |       ||   147
       Kick              |     9 |    10 |    26 |       |     5 ||    50
       Quarterstaff      |       |       |    81 |       |       ||    81
       Shortbow          |       |       |     1 |       |       ||     1
       Triple sword      |       |       |       |       |     2 ||     2
       Executioner's axe |       |       |       |       |    29 ||    29
 Fire: Shortbow          |    95 |   103 |   423 |   999 |  2251 ||  3871
Invok: Heroism           |       |       |     7 |    27 |    42 ||    76
       Finesse           |       |       |       |     7 |    14 ||    21
 Abil: Evoke Invisibilit |       |       |     1 |       |       ||     1
       Evoke Flight      |       |       |       |       |     3 ||     3
       Stop Flying       |       |       |       |       |     1 ||     1
Evoke: Wand              |       |       |       |       |     3 ||     3
  Use: Scroll            |       |     4 |    11 |       |    18 ||    33
       Potion            |       |       |       |       |     6 ||     6
  Eat: Chunk             |     2 |     2 |    10 |     6 |     7 ||    27
       Fruit             |       |     1 |     4 |     5 |     9 ||    19
       Royal jelly       |       |     1 |       |       |       ||     1
       Meat ration       |       |       |       |     2 |     5 ||     7
Armor: Leather armour    |    34 |    10 |     4 |       |       ||    48
       Scale mail        |       |       |    80 |    86 |   271 ||   437
       Ring mail         |       |       |    11 |       |   116 ||   127
       Skin              |       |       |       |       |     1 ||     1
Dodge: Dodged            |    38 |    25 |    87 |    75 |   310 ||   535

Vault maps used:
D:1:      dpeg_arrival_line_fractal
D:2:      serial_forest, infiniplex_forest_lined_1,
          infiniplex_forest_lined_4_way, infiniplex_forest_straight_2,
          infiniplex_forest_clump_medium, infiniplex_forest_lined_2,
          infiniplex_forest_end_3
D:3:      overflow_temple_1_default, first_bread
D:4:      lemuel_coloured_pillars_altar, nicolae_dithmenos_shadow_blocks,
          minmay_temple_entry_mist, serial_shops, nicolae_shop_waterfront,
          gup_ossuary_entry_pyramid
D:5:      kennysheep_mini, kennysheep_little_box, basic_altar,
          uniq_crazy_yiuf_cottage
D:6:      lemuel_doored_altar, serial_shops, shop, nicolae_shop_waterfront,
          bloody_makhleb, uniq_menkaure
D:7:      elyvilon_altar_3, lightli_temple_of_fire, serial_shops, shop,
          uniq_prince_ribbit1, uniq_pikel
D:8:      evilmike_ruin_ashenzari, minitemple, basic_altar, blue_anna_alchemist,
          nemelex_altar_shiori
D:9:      david_lair_shrubbed, uniq_maurice, uniq_grum, uniq_erica
D:10:     cheibrodos_fzero, minmay_crystal_water, minmay_protected_statue
D:11:     serial_shops, shop
D:12:     orc_0_dummy, basic_altar, serial_shops, shop, uniq_frances
Temple:   compressed_dpeg_triangle_lava_temple
Lair:1:   hibernation_bobbens, infiniplex_staircase_pool, grunt_megastairs_4,
          minmay_lair_oklob_chamber, serial_bayou_shore_a
Lair:2:   grunt_forest_small_clearing_treed
Lair:3:   minmay_swamp_entry_wisps
Lair:4:   guppyfry_snake_entry_island, lemuel_fruit_tree, uniq_urug, uniq_sonja
Lair:5:   uniq_josephine
Lair:6:   minmay_lair_end_frog_pond, minmay_slime_entry_oklob_enclosed,
          ice2_lemuel
Swamp:1:  evilmike_swamp_ruin_rubble_2, swamp_pool1
Swamp:2:  evilmike_swamp_ruin_house_2, infiniplex_staircase_pool_2, uniq_aizul,
          uniq_nikola
Orc:1:    mines2_david
Orc:2:    st_orc_town, serial_shops, shop, lab_entry_generic, bh_open_orc_temple
Lab:      labyrinth_hidden_loot, nicolae_lab_arrow
Ossuary:  ossuary_crypta

Table legend:
 A = Turns spent in this place as a percentage of turns spent in the entire game.
 B = Non-inter-level travel turns spent in this place as a percentage of non-inter-level travel turns spent in the entire game.
 C = Inter-level travel turns spent in this place as a percentage of turns spent in this place.
 D = Turns resting spent in this place as a percentage of non-inter-level travel turns spent in this place.
 E = Turns spent auto-exploring this place as a percentage of non-inter-level travel turns spent in this place.
 F = Non-inter-level travel turns spent in this place divided by the number of levels of this place that you've seen.
                   A       B       C       D       E      F
               +-------+-------+-------+-------+-------+----------------------
         Total | 100.0 | 100.0 |   0.6 |   2.3 |   8.2 | 365.0
       Dungeon |  39.2 |  39.1 |   0.7 |   1.8 |  11.3 | 297.6
        Temple |   0.2 |   0.2 |  12.5 |   0.0 |  57.1 |  14.0
          Lair |  34.7 |  34.7 |   0.8 |   3.9 |   6.0 | 527.3
         Swamp |   9.5 |   9.5 |   0.1 |   1.2 |   6.9 | 434.0
  Orcish Mines |   9.2 |   9.2 |   0.5 |   0.6 |   8.4 | 421.0
     Labyrinth |   6.0 |   6.1 |   0.0 |   0.0 |   0.0 | 553.0
       Ossuary |   1.2 |   1.2 |   0.0 |   4.4 |  17.5 | 114.0
               +-------+-------+-------+-------+-------+----------------------

Table legend:
 A = Kills in this place as a percentage of kills in entire the game.
 B = Kills by you in this place as a percentage of kills by you in the entire game.
 C = Kills by friends in this place as a percentage of kills by friends in the entire game.
 D = Other kills in this place as a percentage of other kills in the entire game.
 E = Experience gained in this place as a percentage of experience gained in the entire game.
 F = Experience gained in this place divided by the number of levels of this place that you have seen.
                   A       B       C       D       E      F
               +-------+-------+-------+-------+-------+----------------------
         Total | 100.0 | 100.0 |  -nan |  -nan | 100.0 | 4936.4
       Dungeon |  42.0 |  42.0 |  -nan |  -nan |  20.6 | 2123.1
          Lair |  28.9 |  28.9 |  -nan |  -nan |  47.8 | 9837.2
         Swamp |   8.9 |   8.9 |  -nan |  -nan |  19.1 | 11761.5
  Orcish Mines |  17.9 |  17.9 |  -nan |  -nan |  11.3 | 6957.0
     Labyrinth |   0.7 |   0.7 |  -nan |  -nan |   1.0 | 1283.0
       Ossuary |   1.7 |   1.7 |  -nan |  -nan |   0.2 | 190.0
               +-------+-------+-------+-------+-------+----------------------
